 Dungeon Crawl Stone Soup version 0.31-a0-175-g9f7f995f2b (webtiles) character file.

Game seed: 9193660750612186260

498 Irreverend the Purveyor of Pain (level 6, -1/41 HPs)
             Began as a Demonspawn Necromancer on June 16, 2023.
             Was an Initiate of Kikubaaqudgha.
             Slain by an orc wizard
             ... wielding a +0 dagger
              (2 damage)
             ... on level 5 of the Dungeon.
             The game lasted 00:14:23 (5287 turns).

Irreverend the Purveyor of Pain (DsNe)              Turns: 5287, Time: 00:14:24

Health: -1/41      AC:  3    Str:  8    XL:     6   Next: 94%
Magic:  0/12       EV: 13    Int: 19    God:    Kikubaaqudgha [......]
Gold:   250        SH:  5    Dex: 13    Spells: 5/13 levels left

rFire   . . .        v - +3 dagger
rCold   + . .        (no shield)
rNeg    . . .        a - +0 robe
rPois   .            (helmet restricted)
rElec   .            (no cloak)
rCorr   .            l - +0 pair of gloves
SInv    .            (no boots)
Will    .....        p - amulet of reflection
Stlth   ++           t - ring of protection from cold
HPRegen 0.26/turn    (no ring)
MPRegen 0.13/turn

%: reflection
@: no status effects
A: horns 1, ignite blood 1
a: Renounce Religion


You were on level 5 of the Dungeon.
You worshipped Kikubaaqudgha.
Kikubaaqudgha was noncommittal.
You visited 2 branches of the dungeon, and saw 6 of its levels.
You also visited: Sewer.

You collected 250 gold pieces.

Inventory:

Hand Weapons
 e - a +0 short sword
 q - a +0 dagger of protection
 v - a +3 dagger (weapon)
Armour
 a - a +0 robe (worn)
 l - a +0 pair of gloves (worn)
Jewellery
 p - an amulet of reflection (around neck)
 t - a ring of protection from cold (left hand)
 F - a +5 ring of evasion
Scrolls
 d - a scroll of torment (quivered)
 f - 4 scrolls of teleportation {unknown}
 h - 3 scrolls of enchant armour {unknown}
 i - a scroll of noise {unknown}
 s - a scroll of vulnerability {unknown}
 u - a scroll of acquirement {unknown}
 w - a scroll of identify {unknown}
 y - a scroll of enchant weapon {unknown}
 z - 2 scrolls of fear {unknown}
 B - 2 scrolls of amnesia {unknown}
 C - a scroll of poison {unknown}
 D - a scroll of blinking {unknown}
 G - a scroll of immolation {unknown}
 H - 2 scrolls of revelation {unknown}
Potions
 b - a potion of magic
 c - 2 potions of attraction
 g - a potion of ambrosia {unknown}
 j - 2 potions of haste {unknown}
 k - 4 potions of invisibility {unknown}
 m - 2 potions of curing
 n - a potion of berserk rage {unknown}
 o - a potion of heal wounds {unknown}
 r - 2 potions of enlightenment {unknown}
 x - a potion of degeneration {unknown}
 A - a potion of brilliance {unknown}
 E - a potion of might {unknown}
 I - a potion of mutation {unknown}


   Skills:
 + Level 4.2 Dodging
 - Level 1.8 Stealth
 + Level 4.2 Spellcasting
 + Level 6.3 Necromancy


You had 5 spell levels left.
You knew the following spells:

 Your Spells              Type           Power      Damage    Failure   Level
a - Necrotise             Necr           100%       1d9       1%          1
b - Vampiric Draining     Necr           28%        2d8       3%          3
c - Animate Dead          Necr           28%        N/A       10%         4

Your spell library contained the following spells:

 Spells                   Type           Power      Damage    Failure   Level
 Beastly Appendage        Tmut           8%         N/A       14%         1
 Magic Dart               Conj           16%        1d3       14%         1
 Call Imp                 Summ           8%         N/A       21%         2
 Searing Ray              Conj           8%         2d4       21%         2
 Wereblood                Tmut           4%         N/A       21%         2
 Agony                    Necr           28%        N/A       26%         5
 Ignite Poison            Fire/Tmut/Pois 4%         N/A       38%         3
 Mephitic Cloud           Conj/Pois/Air  4%         N/A       38%         3
 Ozocubu's Armour         Ice            4%         N/A       38%         3
 Spider Form              Tmut/Pois      4%         N/A       38%         3
 Stone Arrow              Conj/Erth      8%         3d7       38%         3
 Summon Guardian Golem    Hex/Summ       4%         N/A       38%         3
 Animate Armour           Summ/Erth      8%         N/A       80%         4
 Fulminant Prism          Conj/Hex       2%         3d5       80%         4
 Sticky Flame             Conj/Fire      4%         2d3       80%         4
 Orb of Destruction       Conj           2%         9d5       100%        7
 Ozocubu's Refrigeration  Ice            2%         4d7       100%        7
 Spellforged Servitor     Conj/Summ      2%         N/A       100%        7
 Ignition                 Fire           2%         3d3       100%        8
 Lehudib's Crystal Spear  Conj/Erth      2%         10d2      100%        8


Dungeon Overview and Level Annotations

Branches:
Dungeon (5/15)             Temple (1/1) D:5           Sewer (visited)

Altars:
Dithmenos
Kikubaaqudgha
Makhleb
Nemelex Xobeh
Okawaru
Qazlal
Trog
Uskayaw
Vehumet
Xom
Yredelemnul

Shops:
D:4 *

Annotations:
D:3 2 transporters, Dittersdorf's ghost, amateur GrFi


Innate Abilities, Weirdness & Mutations

You have a pair of small horns on your head.
Your demonic aura sometimes causes spilled blood to erupt in flames.


Message History

You hear some strange, mumbled words.
A magic dart appears from out of thin air!
The magic dart hits you.
* * * LOW HITPOINT WARNING * * *
You feel better.
Your orc zombie barely misses something.
Something hits you.
* * * LOW HITPOINT WARNING * * *
Casting: Necrotise (safe; 1% risk of failure)
Confirm with . or Enter, or press ? or * to list all spells.
You can't see any susceptible monsters within range! (Use Z to cast anyway.) Unknown command.
Casting: Necrotise (safe; 1% risk of failure)
Confirm with . or Enter, or press ? or * to list all spells.
Aiming: Necrotise (safe; 1% risk of failure)
Press: ? - help, Shift-Dir - straight line Something writhes in agony!
Something hits you.
* * * LOW HITPOINT WARNING * * *
Your orc zombie barely misses something.
You hit something. Something hits you but does no damage.
Your orc zombie barely misses something.
You hit something but do no damage. Your headbutt misses something.
A black bear comes into view.
Something barely misses you.
You closely miss something.
Your orc zombie barely misses something.
You hear some strange, mumbled words.
A puff of flame appears from out of thin air!
The puff of flame misses you.
You miss something. Your headbutt misses something.
Your orc zombie hits something.
You hear some strange, mumbled words.
A puff of flame appears from out of thin air!
The puff of flame hits you.
* * * LOW HITPOINT WARNING * * *
You completely miss something. Something hits you but does no damage.
Your orc zombie misses something.
You barely miss something. Something hits you.
You die...
Kikubaaqudgha rasps: "You have failed me!
Welcome... death!"

........).............
##........>..........
##...................
........).........#
###.......).......#
##.......).....(####
#####.............#
#......)Z.?##..
##.....hZ@.#
....###Z{### #.#..#
##.. ...... ##.. #..
#.. .. . .#..... ##
......_... ####.##
.#.#.....# Y......


You could see a black bear, 2 friendly orc zombies and a friendly ogre zombie.

Vanquished Creatures
  An ogre (D:5)
  A kobold brigand (Sewer)
  2 iguanas
  2 orc wizards (D:4)
  4 gnolls
  5 adders
  3 worms
  2 dart slugs
  15 orcs
  5 endoplasms
  7 giant cockroaches
  10 goblins
  7 hobgoblins
  7 jackals
  11 quokkas
  12 ball pythons
  7 bats
  3 frilled lizards
  15 kobolds
  4 rats
123 creatures vanquished.

Vanquished Creatures (collateral kills)
  2 orcs (D:4)
  A bat (Sewer)
  An endoplasm (D:2)
  A goblin (D:3)
  A kobold (Sewer)
  A quokka (D:4)
  A ball python (Sewer)
8 creatures vanquished.

Vanquished Creatures (others)
  An adder zombie (D:4)
  A kobold zombie (D:4)
  5 orc zombies
  A quokka zombie (D:4)
8 creatures vanquished.

Grand Total: 139 creatures vanquished

Notes
Turn   | Place    | Note
-------+----------+-------------------------------------------
     0 | D:1      | Irreverend the Demonspawn Necromancer began the quest for
                  | the Orb.
     0 | D:1      | Reached XP level 1. HP: 13/13 MP: 3/3
   130 | D:1      | Gained mutation: You have a pair of small horns on your
                  | head. [demonic ancestry]
   130 | D:1      | Reached XP level 2. HP: 18/19 MP: 1/5
   619 | D:1      | Reached XP level 3. HP: 24/24 MP: 3/6
  1125 | D:2      | Learned a level 3 spell: Vampiric Draining
  1158 | D:2      | Reached skill level 5 in Necromancy
  1168 | D:2      | Reached XP level 4. HP: 16/30 MP: 1/8
  1362 | D:2      | Learned a level 4 spell: Animate Dead
  2207 | D:2      | Found a faded altar of an unknown god.
  2410 | D:3      | Noticed Dittersdorf's ghost (amateur GrFi)
  2414 | D:3      | Found a transporter.
  2437 | D:3      | Gained mutation: Your demonic aura sometimes causes spilled
                  | blood to erupt in flames. [demonic ancestry]
  2437 | D:3      | Reached XP level 5. HP: 29/35 MP: 2/9
  2917 | D:3      | Found a transporter.
  3042 | D:3      | You fall into a shaft and drop 1 floor!
  3077 | D:4      | Found Zin's Purification Station.
  3120 | D:4      | Found a glowing drain.
  3142 | Sewer    | Entered a sewer
  4083 | Sewer    | Upgraded the game from 0.31-a0-174-g85c54bcb58 to
                  | 0.31-a0-175-g9f7f995f2b
  4193 | D:4      | Reached XP level 6. HP: 38/41 MP: 2/11
  4386 | D:4      | Reached skill level 6 in Necromancy
  4830 | D:4      | Found an iron altar of Okawaru.
  4831 | D:4      | Found a burning altar of Makhleb.
  4924 | D:5      | Entered Level 5 of the Dungeon
  4924 | D:5      | Noticed an ice beast
  4951 | D:5      | Found a basalt altar of Yredelemnul.
  4958 | D:5      | Found a radiant altar of Vehumet.
  4969 | D:5      | Found a staircase to the Ecumenical Temple.
  4975 | Temple   | Entered the Ecumenical Temple
  5056 | Temple   | Became a worshipper of Kikubaaqudgha
  5279 | D:5      | HP: 1/41 [something/magic dart (4)]
  5285 | D:5      | HP: 1/41 [something/puff of flame (6)]
  5287 | D:5      | Slain by an orc wizard

Illustrated notes

Levels and vault maps discovered:
D:1:      psy_arrival_dodecagon, layout_loops_ring, serial_park_tiny_1
D:2:      layout_loops_ring, chequers_ecumenical_altar_lobes
D:3:      minmay_inner_zag, layout_rooms, gammafunk_ghost_stat_death
D:4:      minmay_door_path, layout_rooms, zin_purify,
          mainiacjoe_overflow_divided_tiny, gup_sewer_entry_pipe
D:5:      layout_rooms, mainiacjoe_overflow_paths, nicolae_vehumet_radiance,
          minmay_temple_entry_tees, uniq_prince_ribbit1
Temple:   oiseaux_autumnal_temple

Skill      XL: |  1  2  3  4  5  6 |
---------------+-------------------+-----
Dodging        | 2 3 4 |  4.2
Necromancy     | 5 6 |  6.3
Spellcasting   | 3 4 |  4.2
Stealth        | |  1.8

Action                     |  1- 3 |  4- 6 || total
---------------------------+-------+-------++-------
  Melee: Short sword       |    22 |    16 ||    38
         Headbutt          |     3 |     9 ||    12
         Dagger            |       |    59 ||    59
   Cast: Necrotise         |    52 |   150 ||   202
         Vampiric Draining |       |    11 ||    11
         Animate Dead      |       |     7 ||     7
    Use: Potion            |       |     4 ||     4
         Scroll            |       |     1 ||     1
   Stab: Distracted        |     1 |       ||     1
 Armour: Robe              |     3 |    24 ||    27
  Dodge: Dodged            |    20 |    68 ||    88
  Block: Other             |       |    23 ||    23
         Reflection        |       |     2 ||     2

Table legend: (Time is in decaauts)
 A = Elapsed time spent in this place.
 B = Non-inter-level travel time spent in this place.
 C = Inter-level travel time spent in this place.
 D = Time resting spent in this place.
 E = Time spent auto-exploring this place.
 F = Levels seen in this place.
 G = Mean time per level.
                   A        B        C        D        E       F      G
               +--------+--------+--------+--------+--------+-----+--------+
         Total |   5330 |   5195 |    135 |   1318 |   2737 |   7 |  761.4 |
       Dungeon |   4213 |   4126 |     87 |    721 |   2524 |   5 |  842.6 |
        Temple |    100 |     52 |     48 |      0 |     47 |   1 |  100.0 |
         Sewer |   1016 |   1016 |      0 |    597 |    164 |   1 | 1016.0 |
               +--------+--------+--------+--------+--------+-----+--------+

Top non-repeatable levels by time:
     D:2: 1303 daAuts
     D:1: 1080 daAuts
   Sewer: 1016 daAuts
     D:4: 874 daAuts
     D:3: 716 daAuts
     D:5: 239 daAuts
  Temple: 100 daAuts
